 Dungeon Crawl Stone Soup version 0.25.0-46-gbd7b0854d2 (webtiles) character file.

Game seed: 15759180659501480115

4738 Descartes the Protected (level 10, -6/85 HPs)
             Began as a Formicid Fighter on July 14, 2020.
             Mangled by a sixfirhy (10 damage)
             ... summoned by a deep elf mage
             ... in a bailey.
             The game lasted 00:16:24 (9061 turns).

Descartes the Protected (Formicid Fighter)          Turns: 9061, Time: 00:16:24

Health: -6/85      AC: 15    Str: 21    XL:     10   Next: 74%
Magic:  18/18      EV: 14    Int: 11    God:
Gold:   264        SH:  0    Dex: 10    Spells: 19/20 levels left

rFire    + . .     SeeInvis +   J - +8 whip of Painful Death {vorpal, rC+}
rCold    + . .     Gourm    .   c - +0 kite shield
rNeg     + . .     Faith    .   u - +1 pearl dragon scales
rPois    .         Spirit   .   (helmet unavailable)
rElec    .         Reflect  .   (no cloak)
rCorr    .         Harm     .   (no gloves)
MR       ++...                  (no boots)
Stlth    ..........             (no amulet)
HPRegen  0.24/turn              D - ring of protection from fire
MPRegen  0.16/turn              I - ring of protection from magic

@: confused, mighty, agile
A: permanent stasis, dig shafts and tunnels, four strong arms, antennae 3
a: Dig, Shaft Self


You were in a bailey.
You were very hungry.

You visited 2 branches of the dungeon, and saw 9 of its levels.
You also visited: Bailey.

You collected 264 gold pieces.

Inventory:

Hand Weapons
 a - a +0 long sword
 J - the +8 whip of Painful Death (weapon) {vorpal, rC+}
   (You found it on level 6 of the Dungeon)

   It inflicts extra damage upon your enemies.
   It protects you from cold.
Missiles
 e - 136 stones (quivered)
 i - 16 javelins
 k - 147 sling bullets
 m - 82 arrows
 n - 2 datura-tipped darts
 r - 19 bolts
 F - 5 silver boomerangs
Armour
 c - a +0 kite shield (worn)
 u - +1 pearl dragon scales (worn)
Magical Staves
 q - an uncursed staff of fire {unknown}
 K - an uncursed staff of energy {unknown}
Jewellery
 A - a +4 ring of protection
 C - a +6 ring of dexterity
 D - a ring of protection from fire (left hand)
 I - a ring of protection from magic (right hand)
 O - a +4 ring of slaying
Wands
 s - a wand of disintegration (15)
 B - a wand of iceblast (13)
 H - a wand of flame (12)
Scrolls
 g - 2 scrolls of remove curse
 o - 6 scrolls of identify
 v - 3 scrolls of blinking
 y - a scroll of enchant armour
Potions
 b - 2 potions of curing
 d - a potion of might
 j - a potion of resistance {unknown}
 p - 2 potions of cancellation {unknown}
 t - a potion of haste {unknown}
 w - a potion of heal wounds {unknown}
 x - 2 potions of flight {unknown}
 E - 4 potions of mutation {unknown}
 M - a potion of degeneration {unknown}
Comestibles
 f - 12 rations


   Skills:
 - Level 10.0 Fighting
 - Level 2.0 Long Blades
 - Level 10.0 Armour
 - Level 9.0 Shields
 + Level 5.6 Spellcasting


You had 19 spell levels left.
You knew the following spells:

 Your Spells              Type           Power        Failure   Level  Hunger
a - Animate Skeleton      Necr           N/A          50%         1    None

Your spell library contained the following spells:

 Spells                   Type           Power        Failure   Level  Hunger
 Pain                     Necr           #...         50%         1    None
 Summon Small Mammal      Summ           #...         50%         1    None
 Call Imp                 Summ           #.......     63%         2    ##.....
 Call Canine Familiar     Summ           #.......     86%         3    ###....
 Summon Guardian Golem    Hex/Summ       #.......     86%         3    ###....
 Vampiric Draining        Necr           #.........   86%         3    ###....
 Animate Dead             Necr           N/A          99%         4    ####...
 Summon Ice Beast         Ice/Summ       #.......     99%         4    ####...
 Summon Lightning Spire   Summ/Air       #.......     99%         4    ####...
 Agony                    Necr           #.......     100%        5    ######.


Dungeon Overview and Level Annotations

Branches:
Dungeon (8/15)             Temple (1/1) D:5          Bailey (1/1)
   Lair: D:8-11

Altars:
Ashenzari
Cheibriados
Dithmenos
Elyvilon
Fedhas
Hepliaklqana
Kikubaaqudgha
Makhleb
Nemelex Xobeh
Okawaru
Qazlal
Ru
Uskayaw
Vehumet
Wu Jian
Yredelemnul
Zin
The Shining One


Innate Abilities, Weirdness & Mutations

You cannot be hasted, slowed, berserked, paralysed or teleported.
You can dig through walls and to a lower floor.
Your four strong arms can wield two-handed weapons with a shield.
You have a pair of large antennae on your head. (SInv)


Message History

* * * LOW HITPOINT WARNING * * *
The orange demon barely misses you.
The deep elf mage mumbles some strange words.
The deep elf mage blinks!
The chaos spawn hits you.
* * * LOW HITPOINT WARNING * * *
You feel agile all of a sudden.
Unknown command.
You are confused.
You feel invigorated.
The deep elf mage hits you but does no damage.
The orange demon barely misses you. The orange demon hits you.
* * * LOW HITPOINT WARNING * * *
The deep elf mage hits you but does no damage.
The chaos spawn barely misses you.
You bump into the stone wall.
The orange demon stings you.
* * * LOW HITPOINT WARNING * * *
The orange demon hits you but does no damage.
The deep elf mage barely misses you. The chaos spawn barely misses you.
The sixfirhy hits you!
You die...

#####
######...##
##.3##..∩..#
#e@4.#.....#
#e4e)##)..##
.e
##..##'######.
###...###...##
#.....#.....#
#..∩..#.....#
#.....#.....#
##....#....#
#####e#


You could see an orange demon (summoned), 3 deep elf magi, a sixfirhy (summoned)
and a chaos spawn (summoned).

Vanquished Creatures
  3 deep elf magi (Bailey)
  A hippogriff (D:8)
  Sigmund (D:6)
  The ghost of Ebobla the Covered, an amateur DgFi (D:4)
  An orc warrior (D:7)
  3 ice beasts
  A black bear (D:7)
  A sky beast (D:7)
  2 phantoms
  6 ogres
  A centaur (D:5)
  A big kobold (D:7)
  A bullfrog (D:6)
  A water moccasin zombie (D:5)
  3 scorpions
  4 killer bees (D:8)
  3 howler monkeys
  2 wights (D:8)
  2 crimson imps (D:5)
  2 hounds
  2 jellies
  2 orc priests
  9 orc wizards
  4 iguanas
  8 worker ants
  2 hound skeletons
  A worker ant zombie (D:5)
  8 adders
  3 shadow imps
  A worm (D:2)
  2 dart slugs (D:3)
  3 leopard geckos
  24 orcs
  8 giant cockroaches
  4 goblins
  8 hobgoblins
  6 jackals
  3 quokkas
  3 ball pythons
  8 bats
  6 frilled lizards
  A jackal skeleton (D:6)
  A jackal zombie (D:3)
  11 kobolds
  2 leopard gecko skeletons
  A quokka skeleton (D:4)
  10 rats
181 creatures vanquished.

Notes
Turn   | Place    | Note
-------+----------+-------------------------------------------
     0 | D:1      | Descartes the Formicid Fighter began the quest for the Orb.
     0 | D:1      | Reached XP level 1. HP: 18/18 MP: 1/1
   189 | D:1      | Reached XP level 2. HP: 24/24 MP: 2/2
   572 | D:1      | Reached XP level 3. HP: 29/29 MP: 3/3
   764 | D:1      | Reached skill level 5 in Shields
  2264 | D:3      | Reached XP level 4. HP: 35/35 MP: 4/4
  2831 | D:3      | Reached XP level 5. HP: 38/41 MP: 5/5
  3369 | D:4      | Found a runed translucent door.
  3369 | D:4      | Noticed Ebobla's ghost (amateur DgFi)
  3432 | D:4      | Noticed a phantom
  3434 | D:4      | Reached XP level 6. HP: 20/47 MP: 6/6
  3444 | D:3      | HP: 2/47 [poisoned by a worker ant]
  3620 | D:4      | Killed a phantom
  4034 | D:4      | Reached XP level 7. HP: 52/52 MP: 7/7
  4604 | D:5      | Entered Level 5 of the Dungeon
  4978 | D:5      | Reached XP level 8. HP: 61/61 MP: 8/8
  4989 | D:5      | You fall into a shaft and drop 2 floors!
  5018 | D:7      | Reached skill level 5 in Fighting
  5018 | D:7      | Reached skill level 5 in Armour
  5458 | D:6      | Noticed Sigmund
  5461 | D:6      | Got a jewelled whip
  5485 | D:6      | Killed Sigmund
  5491 | D:6      | Identified the +8 whip of Painful Death {vorpal, rC+} (You
                  | found it on level 6 of the Dungeon)
  5809 | D:6      | Reached XP level 9. HP: 48/72 MP: 9/9
  6931 | D:5      | Found a staircase to the Ecumenical Temple.
  6941 | Temple   | Entered the Ecumenical Temple
  7310 | D:4      | Killed Ebobla's ghost
  7861 | D:7      | Found a glowing golden altar of the Shining One.
  8348 | D:8      | Noticed a hippogriff
  8356 | D:8      | Killed a hippogriff
  8356 | D:8      | Reached XP level 10. HP: 78/83 MP: 10/10
  8641 | D:8      | Reached skill level 10 in Armour
  8645 | D:8      | Reached skill level 10 in Fighting
  8648 | D:8      | Reached skill level 1 in Spellcasting
  8653 | D:8      | Learned a level 1 spell: Animate Skeleton
  8666 | D:8      | Found a flagged portal.
  8687 | Bailey   | Entered a bailey
  8884 | Bailey   | Noticed a deep elf mage
  8893 | Bailey   | Noticed an orange demon
  8908 | Bailey   | Noticed a soul eater
  8909 | Bailey   | Killed a deep elf mage
  9009 | Bailey   | Noticed a deep elf mage
  9010 | Bailey   | Noticed a deep elf mage
  9010 | Bailey   | Noticed a deep elf mage
  9010 | Bailey   | Noticed a deep elf mage
  9010 | Bailey   | Noticed a deep elf mage
  9046 | Bailey   | Noticed an orange demon
  9046 | Bailey   | Killed a deep elf mage
  9053 | Bailey   | Killed a deep elf mage
  9053 | Bailey   | Reached skill level 5 in Spellcasting
  9057 | Bailey   | Noticed a sixfirhy
  9058 | Bailey   | HP: 4/85 [sixfirhy[a deep elf mage] (10)]
  9059 | Bailey   | HP: 1/85 [chaos spawn[a deep elf mage] (2)]
  9061 | Bailey   | Mangled by a sixfirhy

Illustrated notes

Levels and vault maps discovered:
D:1:      roderic_octagonal_star, layout_loops_ring
D:2:      layout_loops_corners
D:3:      minmay_door_path, layout_basic
D:4:      layout_gridville, first_ration, hellmonk_ghost_happy_afterlife,
          st_stairs_12
D:5:      layout_loops_corners, minmay_temple_entry_proselytizer
D:6:      layout_loops_ring, uniq_sigmund
D:7:      layout_cave_pools, basic_altar, hangedman_decor_diamond_cutter
D:8:      layout_cave_pods, nicolae_overflow_hidden_temple, enter_bailey_2
Temple:   hc_temple_tempest_star
Bailey:   bailey_polearm_3, bailey

Skill      XL: |  1  2  3  4  5  6  7  8  9 10 |
---------------+-------------------------------+-----
Shields        | 4 5 6 7 8 9 |  9.0
Fighting       | 4 7 9 10 | 10.0
Armour         | 4 7 9 10 | 10.0
Spellcasting   | 5 |  5.6
Long Blades    | |  2.0

Action                   |  1- 3 |  4- 6 |  7- 9 | 10-12 || total
-------------------------+-------+-------+-------+-------++-------
Melee: Long sword        |   170 |   210 |   180 |       ||   560
       Whip              |       |       |   182 |   116 ||   298
 Abil: Dig               |       |     1 |     4 |     2 ||     7
  Use: Scroll            |     2 |       |     6 |       ||     8
       Potion            |       |     1 |       |     4 ||     5
  Eat: Chunk             |     2 |     4 |    13 |     2 ||    21
       Ration            |     1 |       |     1 |       ||     2
Armor: Scale mail        |     3 |       |       |       ||     3
       Chain mail        |   103 |       |       |       ||   103
       Pearl dragon scal |     2 |    85 |   153 |    70 ||   310
Dodge: Dodged            |    59 |    71 |   116 |    45 ||   291
Block: Kite shield       |    98 |   124 |   205 |    76 ||   503
       Rpst.: Long sword |    16 |    21 |    17 |       ||    54
